 Dungeon Crawl Stone Soup version 0.31-a0-1616-gbeaec30b81 (webtiles) character file.

Game seed: 12536925310416531274

4 MisterAzrael the Vexing (level 1, -1/17 HPs)
             Began as a Gnoll Hexslinger on Jan 11, 2024.
             Slain by a quokka (4 damage)
             ... on level 1 of the Dungeon.
             The game lasted 00:00:16 (105 turns).

MisterAzrael the Vexing (Gnoll Hexslinger)           Turns: 105, Time: 00:00:17

Health: -1/17      AC:  2    Str:  7    XL:     1   Next: 70%
Magic:  4/4        EV: 13    Int: 12    God:
Gold:   23         SH:  0    Dex: 14    Spells: 5/5 levels left

rFire   . . .        a - +1 sling
rCold   . . .        (no shield)
rNeg    . . .        c - +0 robe
rPois   .            (no helmet)
rElec   .            (no cloak)
rCorr   .            (no gloves)
SInv    .            (no boots)
Will    .....        (no amulet)
Stlth   +            (no ring)
HPRegen 0.22/turn    (no ring)
MPRegen 0.09/turn

%: no passive effects
@: no status effects
A: fangs 1, strong nose, distributed training
a: no special abilities


You were on level 1 of the Dungeon.
You visited 1 branch of the dungeon, and saw 1 of its levels.

You collected 23 gold pieces.

Inventory:

Hand Weapons
 a - a +1 sling (weapon)
Armour
 c - a +0 robe (worn)
Scrolls
 b - a scroll of poison
Potions
 d - a potion of magic {unknown}


   Skills:
 + Level 2.4 Fighting
 + Level 0.1 Short Blades
 + Level 0.1 Long Blades
 + Level 0.1 Axes
 + Level 0.1 Maces & Flails
 + Level 0.1 Polearms
 + Level 0.1 Staves
 + Level 4.4 Ranged Weapons
 + Level 0.1 Throwing
 + Level 0.1 Armour
 + Level 4.4 Dodging
 + Level 0.1 Stealth
 + Level 0.1 Shields
 + Level 0.1 Unarmed Combat
 + Level 2.6 Spellcasting
 + Level 0.1 Conjurations
 + Level 5.3 Hexes
 + Level 0.1 Summonings
 + Level 0.1 Necromancy
 + Level 0.1 Translocations
 + Level 2.0 Fire Magic
 + Level 0.1 Ice Magic
 + Level 0.1 Air Magic
 + Level 0.1 Earth Magic
 + Level 0.1 Alchemy
 + Level 0.2 Invocations
 + Level 0.1 Evocations
 + Level 0.1 Shapeshifting


You had 5 spell levels left.
You didn't know any spells.
Your spell library contained the following spells:

 Spells                   Type           Power      Damage    Failure   Level
 Jinxbite                 Hex            28%        N/A       4%          2
 Sigil of Binding         Hex            14%        N/A       9%          3
 Inner Flame              Hex/Fire       10%        N/A       17%         3
 Cause Fear               Hex            7%         N/A       28%         4
 Dimensional Bullseye     Hex/Tloc       4%         N/A       63%         4


Dungeon Overview and Level Annotations

Branches:
Dungeon (1/15)

Altars:


Innate Abilities, Weirdness & Mutations

You have very sharp teeth.
Your uncanny sense of smell can sniff out nearby items.
Your experience applies equally to all skills.


Message History

You are too injured to fight recklessly!
You are too injured to fight recklessly!
You are too injured to fight recklessly!
You are too injured to fight recklessly!
The jackal closely misses you. The jackal attacks as it pursues you!
The jackal barely misses you.
The jackal bites you but does no damage.
The jackal barely misses you. The jackal attacks as it pursues you!
The jackal bites you.
* * * LOW HITPOINT WARNING * * *
The jackal bites you.
* * * LOW HITPOINT WARNING * * *
The jackal misses you.
Fire: a) +1 sling
Press: ? - help, Q - select action Shift-Dir - straight line, f/p - jackal
Aim: a jackal (heavily wounded, 53% to hit)
You shoot a sling bullet.
The sling bullet hits the jackal but does no damage.
The jackal is heavily wounded.
The jackal barely misses you. The jackal closely misses you.
The jackal bites you but does no damage.
Fire: a) +1 sling
Press: ? - help, Q - select action Shift-Dir - straight line, f/p - jackal
Aim: a jackal (heavily wounded, 53% to hit)
You shoot a sling bullet.
The sling bullet closely misses the jackal.
The sling bullet hits the giant cockroach!
You kill the giant cockroach!
The quokka barely misses you. The jackal bites you.
* * * LOW HITPOINT WARNING * * *
The jackal completely misses you. The jackal closely misses you.
The quokka closely misses you.
The jackal bites you but does no damage.
Your Fire Magic skill increases to level 2!
Fire: a) +1 sling
Press: ? - help, Q - select action Shift-Dir - straight line, f/p - jackal
Aim: a jackal (heavily wounded, 53% to hit)
You shoot a sling bullet. The sling bullet misses the jackal.
The jackal closely misses you. The quokka bites you.
You die...

... ∆ #. #..## # #. ###....
..#.#+########## .......
...............# .......
#.......%...##### .......
#...............#
.......#####.h...........#.####
........hB#..h@................
.......##.#.#r..###############
....... #.B.##+##.............#
....... ##### ........⌠.......
....... ........(.......
##...## ...⌠.........⌠.. #... ∆
................ #...
........<.......
................


You could see a quokka and 2 jackals.

Vanquished Creatures
  A giant cockroach (D:1)
  A jackal (D:1)
  A quokka (D:1)
  A ball python (D:1)
4 creatures vanquished.

Notes
Turn   | Place    | Note
-------+----------+-------------------------------------------
     0 | D:1      | MisterAzrael the Gnoll Hexslinger began the quest for the
                  | Orb.
     0 | D:1      | Reached XP level 1. HP: 17/17 MP: 4/4
   105 | D:1      | Slain by a quokka

Illustrated notes

Levels and vault maps discovered:
D:1:      dpeg_arrival_water_temple_mockup, layout_basic

Skill      XL: |  1 |
---------------+----+-----
Fire Magic     | 2 |  2.0
Fighting       | |  2.4
Short Blades   | |  0.1
Long Blades    | |  0.1
Axes           | |  0.1
Maces & Flails | |  0.1
Polearms       | |  0.1
Staves         | |  0.1
Ranged Weapons | |  4.4
Throwing       | |  0.1
Armour         | |  0.1
Dodging        | |  4.4
Stealth        | |  0.1
Shields        | |  0.1
Unarmed Combat | |  0.1
Spellcasting   | |  2.6
Conjurations   | |  0.1
Hexes          | |  5.3
Summonings     | |  0.1
Necromancy     | |  0.1
Translocations | |  0.1
Ice Magic      | |  0.1
Air Magic      | |  0.1
Earth Magic    | |  0.1
Alchemy        | |  0.1
Invocations    | |  0.2
Evocations     | |  0.1
Shapeshifting  | |  0.1

Action                     || total
---------------------------++-------
   Fire: Sling             ||    31
 Armour: Robe              ||    25
  Dodge: Dodged            ||    57

Table legend: (Time is in decaauts)
 A = Elapsed time spent in this place.
 B = Non-inter-level travel time spent in this place.
 C = Inter-level travel time spent in this place.
 D = Time resting spent in this place.
 E = Time spent auto-exploring this place.
 F = Levels seen in this place.
 G = Mean time per level.
                   A        B        C        D        E       F      G
               +--------+--------+--------+--------+--------+-----+--------+
         Total |    110 |    110 |      0 |      0 |     60 |   1 |  110.0 |
       Dungeon |    110 |    110 |      0 |      0 |     60 |   1 |  110.0 |
               +--------+--------+--------+--------+--------+-----+--------+

Top non-repeatable levels by time:
     D:1: 110 daAuts
